AoeStats
← Big Toilet Snake

Scandinavia

510870987Analyzed
1v1 RM · 19h ago on Oct 2, 2026· 37m 14s· 2 players
Game mode
Random Map
Map size
Tiny (2 player)
Population
200
Speed
Normal
Resources
Standard
Victory
Conquest
Starting age
Dark Age
Ending age
Imperial Age
RankedLock teamsTeams togetherTeam positionsShared explorationLock speedFull tech treeHidden civsTurbo modeCheats
Victory
Defeat
🇲🇽 Poles · Mexico
798
+15
🇨🇦 Japanese · Canada
780
-15
Big Toilet Snake
3:25 Loom
12:40 Feudal Age
13:08 Double-Bit Axe
15:11 Man-at-Arms
21:10 Castle Age
21:07 Scale Mail Armor
21:18 Forging
24:02 Ballistics
26:29 Stone Mining
35:49 Bow Saw
King Crimson
8:37 Loom
14:56 Feudal Age
18:00 Arson
17:36 Man-at-Arms
22:54 Wheelbarrow
26:18 Castle Age
25:13 Forging
26:47 Long Swordsman
27:45 Squires
33:51 Fletching
34:25 Town Watch
36:01 Crossbowman
Connection lost

Rejoining the realm…

Still unreachable

The connection could not be restored.

Session expired

The server has moved on; the page needs a fresh start.